 Dungeon Crawl Stone Soup version 0.20.1-1-g8b1a95d (webtiles) character file.

8095 ninurtach the Severer (level 11, -6/95 HPs)
             Began as a Minotaur Fighter on Nov 14, 2017.
             Was a High Priest of Okawaru.
             Mangled by a two-headed ogre
             ... wielding a +0 giant spiked club
              (19 damage)
             ... on level 9 of the Dungeon.
             The game lasted 00:22:51 (10060 turns).

ninurtach the Severer (Minotaur Fighter)           Turns: 10060, Time: 00:22:52

Health: -6/95      AC: 11    Str: 31    XL:     11   Next: 5%
Magic:  10/10      EV: 14    Int:  5    God:    Okawaru [*****.]
Gold:   189        SH:  0    Dex: 12    Spells: 8/10 levels left

rFire    . . .     SeeInvis .   L - +0 executioner's axe (vamp)
rCold    . . .     Gourm    .   (shield currently unavailable)
rNeg     . . .     Faith    .   d - +3 leather armour of Omission {MR+ Str+9}
rPois    .         Spirit   .   q - +1 hat
rElec    .         Reflect  .   H - +2 cloak {+Inv}
rCorr    .         Harm     .   b - +0 pair of gloves
MR       +....                  (no boots)
Stlth    +.........             (no amulet)
Regen    0.3/turn               p - ring of flight
MPRegen  0.2/turn               m - +3 ring of evasion

@: very slightly contaminated, very slow
A: retaliatory headbutt, horns 2
a: Heroism, Finesse, Renounce Religion, Evoke Invisibility, Evoke Flight


You were on level 9 of the Dungeon.
You worshipped Okawaru.
Okawaru was extremely pleased with you.
You were very hungry.

You visited 1 branch of the dungeon, and saw 10 of its levels.

You collected 666 gold pieces.
You spent 477 gold pieces at shops.

Inventory:

Hand Weapons
 L - a +0 vampiric executioner's axe (weapon)
Armour
 b - a +0 pair of gloves (worn)
 d - the +3 leather armour of Omission (worn) {MR+ Str+9}
   (You found it on level 4 of the Dungeon)

   It affects your strength (+9).
   It affects your resistance to hostile enchantments.
 q - a +1 hat (worn)
 H - a +2 cloak of invisibility (worn)
Jewellery
 m - a +3 ring of evasion (right hand)
 p - a ring of flight (left hand)
 M - an uncursed ring of stealth
Wands
 w - a wand of paralysis (11/24)
 I - a wand of lightning (12/15)
Scrolls
 g - 2 scrolls of fear
 h - a scroll of random uselessness {unknown}
 i - 3 scrolls of remove curse
 l - 6 scrolls of teleportation
 n - 5 scrolls of enchant armour
 o - 2 scrolls of recharging {unknown}
 r - 2 scrolls of noise {unknown}
 y - 5 scrolls of immolation {unknown}
 C - 2 scrolls of enchant weapon {unknown}
 F - 2 scrolls of amnesia {unknown}
 K - a scroll of acquirement {unknown}
Potions
 c - a potion of mutation
 e - a potion of brilliance
 j - 3 potions of flight
 u - 8 potions of curing
 v - 2 potions of lignification
 x - 2 potions of heal wounds
 A - 2 potions of magic
 B - a potion of might
Books
 a - a book of Flames

   Spells                             Type                      Level
   a - Flame Tongue                   Conjuration/Fire             1
   b - Throw Flame                    Conjuration/Fire             2
   c - Conjure Flame                  Conjuration/Fire             3
   d - Inner Flame                    Hexes/Fire                   3
   e - Sticky Flame                   Conjuration/Fire             4
   f - Fireball                       Conjuration/Fire             5
 z - a book of Minor Magic

   Spells                             Type                      Level
   a - Magic Dart                     Conjuration                  1
   b - Blink                          Translocation                2
   c - Call Imp                       Summoning                    2
   d - Slow                           Hexes                        2
   e - Conjure Flame                  Conjuration/Fire             3
   f - Mephitic Cloud                 Conjuration/Poison/Air       3
 D - a book of Changes

   Spells                             Type                      Level
   a - Beastly Appendage              Transmutation                1
   b - Sticks to Snakes               Transmutation                2
   c - Spider Form                    Transmutation/Poison         3
   d - Ice Form                       Ice/Transmutation            4
   e - Blade Hands                    Transmutation                5
 E - a book of Necromancy

   Spells                             Type                      Level
   a - Pain                           Necromancy                   1
   b - Animate Skeleton               Necromancy                   1
   c - Vampiric Draining              Necromancy                   3
   d - Regeneration                   Charms/Necromancy            3
   e - Animate Dead                   Necromancy                   4
   f - Control Undead                 Necromancy                   4
Comestibles
 f - 6 bread rations
 k - 9 fruits
 s - 7 meat rations
 t - a royal jelly


   Skills:
 - Level 8.4 Fighting
 * Level 15.8 Axes
 - Level 4.1 Armour
   Level 5.8 Shields
 + Level 4.7 Translocations


You had 8 spell levels left.
You knew the following spells:

 Your Spells              Type           Power        Failure   Level  Hunger
a - Blink                 Tloc           N/A          13%         2    ###....


Dungeon Overview and Level Annotations

Branches:
Dungeon (10/15)            Temple (0/1) D:6
   Lair: D:8-11         Orc: D:9-12

Altars:
Dithmenos
Fedhas
Okawaru
Trog

Shops:
D:4 (   D:5 !   D:7 :


Innate Abilities, Weirdness & Mutations

You reflexively headbutt those who attack you in melee.
You have a pair of horns on your head.


Message History

The two-headed ogre hits you with a giant spiked club!
The two-headed ogre completely misses you.
You regained 11 hp, and now have 30/95 hp.
The two-headed ogre barely misses you.
The two-headed ogre hits you with a giant club!
* * * LOW HITPOINT WARNING * * *
You climb upwards.
There is a stone staircase leading down here.
You take 10 damage, and have 20/95 hp.
The two-headed ogre hits you with a giant spiked club.
* * * LOW HITPOINT WARNING * * *
The two-headed ogre hits you with a giant club.
* * * LOW HITPOINT WARNING * * *
You take 11 damage, and have 11/95 hp.
You enter the shallow water.
Moving in this stuff is going to be slow.
You are feeling very hungry.
Why would you want to do that?
The two-headed ogre hits you with a giant spiked club!!
You die...

##.............................
#.........................<....
##>...........(................
##............................
##.................#.........
##...............###........
##.......≈.......#.......^.
##.....≈≈≈(.............#.
##...≈≈≈@≈............###
##...≈≈O..............#.
##...≈.................
##....................
##...................
##..................
##..........≈......
##........≈≈≈.....
##......≈≈≈≈≈....


You could see a two-headed ogre.

Vanquished Creatures
  2 two-headed ogres
  Pikel (D:7)
  Joseph (D:10)
  A troll (D:8)
  Grinder (D:4)
  2 hippogriffs
  Sigmund (D:6)
  A vampire (D:9)
  4 fire bats (D:8)
  4 yaks (D:9)
  Eustachio (D:4)
  Edmund (D:6)
  A hell hound (D:8)
  Duvessa (D:4)
  2 slaves (D:7)
  A black bear (D:8)
  An ice beast (D:5)
  A necrophage (D:7)
  2 sky beasts
  2 phantoms
  3 centaurs
  5 ogres
  A big kobold (D:8)
  Blork the orc (D:5)
  2 bullfrogs
  Dowan (D:4)
  A wyvern zombie (D:7)
  2 scorpions
  3 wights (D:7)
  2 howler monkeys (D:5)
  2 electric eels (D:9)
  2 lava snakes (D:8)
  4 crimson imps
  2 centaur zombies
  5 hounds
  3 jellies
  Crazy Yiuf (D:6)
  3 orc priests
  A bullfrog skeleton (D:4)
  4 orc wizards (D:4)
  A centaur skeleton (D:5)
  2 iguanas (D:4)
  10 worker ants
  Robin (D:3)
  10 adders
  5 oozes
  4 adder skeletons
  An adder zombie (D:6)
  2 worms
  3 dart slugs
  11 leopard geckos
  21 orcs
  A ball python (D:6)
  9 giant cockroaches
  16 goblins
  8 hobgoblins
  8 jackals
  11 kobolds
  5 quokkas
  A ball python skeleton (D:4)
  7 bats
  4 frilled lizards
  A quokka skeleton (D:4)
  A quokka zombie (D:9)
  12 rats
  A fire vortex (D:8)
235 creatures vanquished.

Vanquished Creatures (others)
  A slave (D:7)
  2 fire vortices (D:8)
3 creatures vanquished.

Grand Total: 238 creatures vanquished

Notes
Turn   | Place    | Note
-------+----------+-------------------------------------------
     0 | D:1      | ninurtach the Minotaur Fighter began the quest for the Orb.
     0 | D:1      | Reached XP level 1. HP: 19/19 MP: 0/0
   165 | D:1      | Reached XP level 2. HP: 17/27 MP: 1/1
   561 | D:1      | Reached skill level 3 in Axes
   788 | D:2      | Reached XP level 3. HP: 31/33 MP: 2/2
  1141 | D:2      | Reached skill level 4 in Axes
  1398 | D:2      | Reached XP level 4. HP: 40/40 MP: 3/3
  1665 | D:2      | Found a blossoming altar of Fedhas.
  2132 | D:3      | Reached skill level 5 in Axes
  2145 | D:3      | Noticed Robin
  2151 | D:3      | Reached XP level 5. HP: 42/46 MP: 4/4
  2163 | D:3      | Killed Robin
  2309 | D:4      | Noticed Duvessa
  2309 | D:4      | Noticed Dowan
  2319 | D:4      | Killed Duvessa
  2319 | D:4      | Reached skill level 6 in Axes
  2319 | D:4      | Reached skill level 5 in Shields
  2323 | D:4      | Killed Dowan
  2323 | D:4      | Reached XP level 6. HP: 28/52 MP: 5/5
  2659 | D:4      | Got a shimmering leather armour
  2670 | D:4      | Identified the +3 leather armour of Omission {MR+ Str+9} (You found it on level 4 of the Dungeon)
  2825 | D:4      | Found Paeden's Antique Weapon Emporium.
  2960 | D:4      | Reached skill level 7 in Axes
  2996 | D:4      | Reached skill level 8 in Axes
  2996 | D:4      | Reached XP level 7. HP: 40/58 MP: 6/6
  3451 | D:4      | Reached skill level 9 in Axes
  3512 | D:4      | Noticed Grinder
  3541 | D:4      | Killed Grinder
  3812 | D:4      | Reached skill level 10 in Axes
  3881 | D:4      | Reached XP level 8. HP: 66/66 MP: 7/7
  4003 | D:5      | Entered Level 5 of the Dungeon
  4003 | D:5      | Found an iron altar of Okawaru.
  4016 | D:5      | Became a worshipper of Warmaster Okawaru
  4135 | D:4      | Noticed Eustachio
  4159 | D:4      | Killed Eustachio
  4631 | D:5      | Noticed Blork the orc
  4638 | D:5      | Reached skill level 5 in Fighting
  4645 | D:5      | Killed Blork the orc
  4992 | D:5      | Found Vuup's Distillery.
  5001 | D:5      | Reached * piety under Okawaru
  5001 | D:5      | Reached skill level 11 in Axes
  5004 | D:5      | Bought 2 potions of degeneration for 20 gold pieces
  5004 | D:5      | Bought a potion of lignification for 30 gold pieces
  5004 | D:5      | Bought a potion of heal wounds for 50 gold pieces
  5513 | D:6      | Reached XP level 9. HP: 72/78 MP: 8/8
  5517 | D:6      | Noticed Sigmund
  5533 | D:6      | Killed Sigmund
  5533 | D:6      | Reached skill level 12 in Axes
  5668 | D:6      | Noticed Edmund
  5678 | D:6      | Killed Edmund
  5830 | D:6      | Reached ** piety under Okawaru
  5851 | D:6      | Learned a level 2 spell: Blink
  6117 | D:6      | Found a staircase to the Ecumenical Temple.
  6297 | D:6      | Found a runed door.
  6301 | D:6      | Noticed Crazy Yiuf
  6308 | D:6      | Killed Crazy Yiuf
  6561 | D:7      | Found a shadowy altar of Dithmenos.
  6871 | D:7      | Noticed Pikel
  6899 | D:7      | Killed Pikel
  6899 | D:7      | Reached skill level 13 in Axes
  6899 | D:7      | Reached skill level 1 in Translocations
  7344 | D:7      | Found Hianaddi's Book Emporium.
  7641 | D:8      | Reached *** piety under Okawaru
  7868 | D:8      | Reached XP level 10. HP: 66/90 MP: 6/9
  7885 | D:8      | Reached skill level 14 in Axes
  7905 | D:8      | HP: 3/90 [fire vortex (16)]
  8758 | D:8      | Noticed a two-headed ogre
  8765 | D:8      | Killed a two-headed ogre
  8765 | D:8      | Reached **** piety under Okawaru
  8882 | D:4      | Bought a glowing executioner's axe for 377 gold pieces
  9009 | D:9      | Found a bloodstained altar of Trog.
  9123 | D:9      | Noticed a two-headed ogre
  9133 | D:9      | Killed a two-headed ogre
  9133 | D:9      | Reached skill level 15 in Axes
  9155 | D:9      | Reached ***** piety under Okawaru
  9673 | D:9      | Received a gift from Okawaru
  9699 | D:10     | Entered Level 10 of the Dungeon
  9699 | D:10     | Noticed Joseph
  9710 | D:10     | Killed Joseph
  9710 | D:10     | Reached XP level 11. HP: 95/95 MP: 10/10
  9989 | D:10     | Noticed a death yak
  9990 | D:10     | Noticed a two-headed ogre
  9993 | D:10     | Noticed a death yak
  9994 | D:10     | Noticed a death yak
 10060 | D:9      | Mangled by a two-headed ogre

Skill      XL: |  1  2  3  4  5  6  7  8  9 10 |
---------------+-------------------------------+-----
Armour         | 4 |  4.1
Axes           | 3 4 5 6 8 10 11 13 15 | 15.8
Shields        | 4 5 |  5.8
Fighting       | 6 8 |  8.4
Translocations | 2 4 |  4.7

Action                   |  1- 3 |  4- 6 |  7- 9 | 10-12 || total
-------------------------+-------+-------+-------+-------++-------
Melee: War axe           |    46 |       |       |       ||    46
       Headbutt          |    14 |    22 |    53 |    29 ||   118
       Hand axe          |    29 |   130 |   247 |       ||   406
       Battleaxe         |       |       |    45 |    30 ||    75
       Executioner's axe |       |       |       |    70 ||    70
Invok: Heroism           |       |       |     2 |       ||     2
 Abil: Evoke Flight      |       |       |     1 |       ||     1
       Evoke Invisibilit |       |       |       |     4 ||     4
  Use: Potion            |       |     2 |     1 |     3 ||     6
       Scroll            |       |       |     6 |     4 ||    10
 Stab: Invisible         |       |       |     1 |     4 ||     5
       Distracted        |       |       |     1 |       ||     1
       Sleeping          |       |       |     1 |       ||     1
  Eat: Chunk             |     2 |     5 |    12 |     6 ||    25
       Fruit             |       |       |     4 |     2 ||     6
       Royal jelly       |       |       |       |     2 ||     2
Armor: Scale mail        |    43 |    34 |       |       ||    77
       Leather armour    |       |     5 |    67 |    32 ||   104
Dodge: Dodged            |    27 |    24 |    84 |    93 ||   228
Block: Shield            |    41 |    31 |    87 |       ||   159
       Large shield      |       |    49 |       |       ||    49
